 Dungeon Crawl Stone Soup version 0.30.0-29-ga12c61a403 (webtiles) character file.

Game seed: 4890475025789448350

449 cdecastro the Trooper (level 7, -6/64 HPs)
             Began as a Ghoul Fighter on June 14, 2023.
             Mangled by a yak (12 damage)
             ... on level 4 of the Dungeon.
             The game lasted 00:05:07 (3093 turns).

cdecastro the Trooper (Ghoul Fighter)               Turns: 3093, Time: 00:05:07

Health: -6/64      AC: 10    Str: 22    XL:     7   Next: 4%
Magic:  6/6        EV:  8    Int:  3    God:
Gold:   257        SH:  4    Dex:  8    Spells: 6/6 levels left

rFire   . .          .
                       - Unarmed
rCold   + . .        b - +0 buckler
rNeg    + + +        j - +0 chain mail
rPois   ∞            g - +0 helmet
rElec   .            (no cloak)
rCorr   .            (no gloves)
SInv    .            (no boots)
Will    .....        e - amulet of magic regeneration Stlth
                     (no ring)
HPRegen 0.00/turn    (no ring)
MPRegen 0.50/turn

%: no passive effects
@: inhibited regen
A: claws 1, cold resistance 1, negative energy resistance 3, inhibited
regeneration, torment resistance 2, devour on kill
a: no special abilities


You were on level 4 of the Dungeon.
You visited 1 branch of the dungeon, and saw 5 of its levels.

You collected 257 gold pieces.

Inventory:

Missiles
 o - 12 poisoned darts (quivered)
 x - 2 boomerangs
Armour
 a - a +0 scale mail
 b - a +0 buckler (worn)
 g - a +0 helmet (worn)
 j - a +0 chain mail (worn)
Magical Staves
 v - a staff of death
Jewellery
 e - an amulet of magic regeneration (around neck)
 l - a ring of fire
Wands
 n - a wand of iceblast (8)
 t - a wand of paralysis (7)
Scrolls
 d - 3 scrolls of identify {unknown}
 h - a scroll of poison {unknown}
 k - 4 scrolls of teleportation {unknown}
 m - 2 scrolls of vulnerability {unknown}
 p - a scroll of fog {unknown}
 s - a scroll of fear {unknown}
 u - a scroll of noise {unknown}
 w - 2 scrolls of enchant weapon {unknown}
Potions
 c - 4 potions of might
 f - a potion of haste {unknown}
 i - a potion of curing {unknown}
 q - a potion of magic {unknown}
 r - a potion of mutation {unknown}


   Skills:
 + Level 6.4 Fighting
 - Level 2.6 Armour
 - Level 2.6 Shields
 + Level 5.8 Unarmed Combat


You had 6 spell levels left.
You didn't know any spells.
Your spell library contained the following spells:

 Spells                   Type           Power      Damage    Failure   Level
 Static Discharge         Conj/Air       0%         2-2/arc   100%        2
 Airstrike                Air            0%         2d(0-16)  100%        4
 Passage of Golubria      Tloc           0%         N/A       100%        4
 Summon Lightning Spire   Summ/Air       0%         N/A       100%        4
 Silence                  Hex/Air        0%         N/A       100%        5
 Lehudib's Crystal Spear  Conj/Erth      0%         10d2      100%        8


Dungeon Overview and Level Annotations

Branches:
Dungeon (5/15)
 Temple: D:4-7

Altars:

Annotations:
D:4 2 transporters


Innate Abilities, Weirdness & Mutations

You are immune to poison.
You have sharp fingernails.
Your flesh is cold resistant. (rC+)
You are immune to negative energy. (rN+++)
You do not regenerate when monsters are visible.
You are immune to unholy pain and torment.
You thrive by killing the living.


Message History

You kill the yak!
Your Fighting skill increases to level 6!
You have reached level 7!
You start resting.
HP restored.
You climb downwards.
The yak gores you! The yak completely misses you.
There is a stone staircase leading up here.
Unknown command.
The yak barely misses you.
You climb upwards.
Level annotation: 2 transporters
There is a stone staircase leading down here.
Unknown command.
You completely miss the yak. The yak gores you.
You closely miss the yak. The yak gores you!
You scratch the yak.
The yak is lightly wounded.
The yak gores you but does no damage.
You scratch the yak.
The yak is moderately wounded.
You claw the yak!
The yak is moderately wounded.
The yak gores you!
* * * LOW HITPOINT WARNING * * *
You barely miss the yak.
The yak is moderately wounded.
The yak gores you!
* * * LOW HITPOINT WARNING * * *
You scratch the yak but do no damage.
The yak is moderately wounded.
The yak gores you.
* * * LOW HITPOINT WARNING * * *
You claw the yak!
The yak is heavily wounded.
The yak gores you!
* * * LOW HITPOINT WARNING * * *
You claw the yak!
The yak is almost dead.
The yak gores you!
You die...

......'####..........#
......'..##..........#
......##..###........#
...######..##.....)..############
...# ##..'........'...........
...# ##.#........###########.
...########.+........# #.
.......)..###....†...# #.
..#######......Y@.#### #.
#.#.....#.######>## #.
..#.....#....#<#.# #########.
#.#.._..'.##.#.#.# #.........
#.#.....#..#.#.#.# #.########
..#.....#....#.#.# #.#
..#######.##.#.#.# #.#
...)......##.#...# #.#
...#########.###.# #.#


You could see a yak.

Vanquished Creatures
  2 yaks (D:4)
  A sleepcap (D:4)
  5 adders
  2 ufetubi (D:4)
  A worm (D:3)
  2 dart slugs (D:4)
  9 orcs
  6 endoplasms
  4 giant cockroaches
  5 goblins
  6 hobgoblins
  8 jackals (D:1)
  A quokka (D:4)
  4 ball pythons
  5 bats
  5 frilled lizards
  5 kobolds
  10 rats
81 creatures vanquished.

Notes
Turn   | Place    | Note
-------+----------+-------------------------------------------
     0 | D:1      | cdecastro the Ghoul Fighter began the quest for the Orb.
     0 | D:1      | Reached XP level 1. HP: 19/19 MP: 0/0
   140 | D:1      | Reached XP level 2. HP: 26/26 MP: 1/1
   294 | D:1      | Reached XP level 3. HP: 33/33 MP: 2/2
   300 | D:1      | Reached skill level 4 in Fighting
  1029 | D:2      | Reached XP level 4. HP: 41/41 MP: 3/3
  2062 | D:3      | Paralysed by an orc for 5 turns
  2198 | D:4      | Reached skill level 5 in Fighting
  2198 | D:4      | Reached XP level 5. HP: 40/48 MP: 4/4
  2267 | D:4      | Noticed an ice beast
  2268 | D:4      | Found a transporter.
  2270 | D:4      | Noticed an ice beast
  2414 | D:4      | Found a transporter.
  2872 | D:5      | Entered Level 5 of the Dungeon
  2873 | D:5      | Noticed a yak
  2873 | D:5      | Noticed a yak
  2873 | D:5      | Noticed a yak
  2880 | D:5      | Noticed a yak
  2894 | D:4      | Killed a yak
  2895 | D:4      | Reached skill level 5 in Unarmed Combat
  2895 | D:4      | Reached XP level 6. HP: 23/57 MP: 5/5
  3012 | D:5      | Noticed a yak
  3012 | D:5      | Noticed a yak
  3022 | D:4      | Killed a yak
  3023 | D:4      | Reached skill level 6 in Fighting
  3023 | D:4      | Reached XP level 7. HP: 46/64 MP: 6/6
  3093 | D:4      | Mangled by a yak

Illustrated notes

Levels and vault maps discovered:
D:1:      dpeg_arrival_rooms_with_view, layout_basic, st_stairs_12,
          minmay_shallow_snake_nest
D:2:      layout_loops_ring
D:3:      layout_loops_cross
D:4:      gammafunk_cloud_chamber, layout_basic, amcnicky_altar_gilded,
          chequers_garden
D:5:      layout_basic, uniq_grinder

Skill      XL: |  1  2  3  4  5  6 |
---------------+-------------------+-----
Unarmed Combat | 3 4 5 |  5.8
Fighting       | 4 5 6 |  6.4
Armour         | |  2.6
Shields        | |  2.6

Action                     |  1- 3 |  4- 6 |  7- 9 || total
---------------------------+-------+-------+-------++-------
  Melee: Unarmed           |   125 |   170 |     9 ||   304
 Armour: Scale mail        |    44 |       |       ||    44
         Chain mail        |    19 |    86 |     1 ||   106
  Dodge: Dodged            |    55 |    50 |     2 ||   107
  Block: Buckler           |    22 |    17 |       ||    39
